AoeStats
← apyrupa_master

African Clearing

506543782Analyzed
4v4 RM · 20d ago on Sep 14, 2026· 48m 16s· 8 players
Game mode
Random Map
Map size
Large (8 player)
Population
200
Speed
Normal
Resources
Standard
Victory
Conquest
Starting age
Dark Age
Ending age
Imperial Age
RankedLock teamsTeams togetherTeam positionsShared explorationLock speedFull tech treeHidden civsTurbo modeCheats
Victory
Defeat
🇧🇷 Burgundians · Brazil
1269
+8
🇧🇷 Berbers · Brazil
1196
+10
🇧🇷 Spanish · Brazil
1174
+11
🇧🇷 Khmer · Brazil
1138
+12
🇺🇸 Poles · United States
1115
-12
🇨🇳 Georgians · China
1063
-10
🇻🇪 Khmer · Venezuela
1063
-10
🇨🇳 Bohemians · China
1034
-9
DIO
4:17 Loom
15:42 Feudal Age
16:11 Town Watch
16:22 Double-Bit Axe
23:59 Scale Mail Armor
24:12 Forging
26:18 Horse Collar
27:24 Wheelbarrow
27:29 Bloodlines
30:09 Castle Age
30:33 Pikeman
31:18 Scale Mail Armor
Maggie Q
4:39 Loom
17:52 Feudal Age
18:01 Man-at-Arms
18:28 Arson
19:45 Town Watch
23:20 Wheelbarrow
30:49 Castle Age
42:00 Squires
Elvise177
3:21 Loom
13:53 Feudal Age
19:23 Double-Bit Axe
21:58 Castle Age
19:51 Horse Collar
20:34 Gold Mining
22:14 Bloodlines
31:10 Heavy Plow
42:40 Forging
46:27 Scale Barding Armor
EliezerGV
8:50 Loom
14:03 Feudal Age
15:38 Double-Bit Axe
21:43 Castle Age
20:15 Stone Mining
20:52 Gold Mining
22:33 Scale Barding Armor
22:51 Bloodlines
24:04 Bow Saw
33:50 Imperial Age
32:27 Gold Shaft Mining
34:33 Chain Barding Armor
35:49 Conscription
36:27 Double Crossbow
40:59 Plate Barding Armor
41:15 Elite Ballista Elephant
43:11 Wheelbarrow
43:56 Husbandry
APY_TIAGO
8:39 Loom
12:59 Feudal Age
13:52 Double-Bit Axe
24:23 Castle Age
23:50 Scale Barding Armor
23:56 Forging
24:42 Fletching
29:31 Bodkin Arrow
31:55 Bloodlines
31:46 Husbandry
33:49 Bow Saw
34:31 Ballistics
43:20 Imperial Age
41:54 Wheelbarrow
42:53 Padded Archer Armor
45:04 Chemistry
44:27 Conscription
44:16 Bracer
44:32 Leather Archer Armor
44:17 Capped Ram
apyrupa_master
5:19 Loom
15:04 Feudal Age
17:47 Castle Age
18:54 Double-Bit Axe
20:49 Gold Mining
24:56 Crossbowman
27:10 Bloodlines
30:05 Wheelbarrow
29:48 Scale Barding Armor
31:55 Husbandry
38:39 Imperial Age
38:44 Cavalier
40:46 Capped Ram
42:39 Bow Saw
46:43 Heavy Scorpion
47:58 Fletching
apyrupa_Veloz
5:17 Loom
16:14 Feudal Age
19:53 Castle Age
19:16 Wheelbarrow
18:37 Fletching
35:14 Double-Bit Axe
35:15 Horse Collar
42:02 Wheelbarrow
41:34 Heavy Plow
41:52 Bow Saw
43:33 Hand Cart
ViRGuLiNo
5:22 Loom
13:34 Feudal Age
12:39 Double-Bit Axe
12:37 Horse Collar
19:23 Castle Age
18:46 Scale Barding Armor
19:17 Heavy Plow
19:31 Bow Saw
20:30 Forging
25:44 Cavalier
27:19 Chain Barding Armor
34:37 Iron Casting
36:11 Wheelbarrow
38:43 Crop Rotation
38:08 Gold Mining
38:09 Stone Mining
39:21 Two-Man Saw
39:10 Hand Cart
39:34 Gold Shaft Mining
39:06 Husbandry
43:17 Imperial Age
42:06 Stone Shaft Mining
44:39 Plate Barding Armor
45:05 Blast Furnace
43:31 Paladin
Connection lost

Rejoining the realm…

Still unreachable

The connection could not be restored.

Session expired

The server has moved on; the page needs a fresh start.